 Dungeon Crawl Stone Soup version 0.21.1-1-g345015f (webtiles) character file.

1276 tidbits the Sneak (level 8, -19/117 HPs)
             Began as a Gnoll Enchanter on June 17, 2018.
             Was a Follower of Cheibriados.
             Demolished by an orc warlord
             ... wielding a +0 war axe
              (34 damage)
             ... in a bailey.
             The game lasted 00:24:33 (1940 turns).

tidbits the Sneak (Gnoll Enchanter)                 Turns: 1940, Time: 00:24:34

Health: -19/117    AC: 24    Str: 18    XL:     8   Next: 54%
Magic:  3/17       EV:  2    Int: 28    God:    Cheibriados [*.....]
Gold:   167        SH:  6    Dex: 19    Spells: 10/19 levels left

rFire    . . .     SeeInvis .   a - +1 dagger
rCold    . . .     Gourm    .   D - +1 buckler (curse)
rNeg     + + +     Faith    .   (armour currently unavailable)
rPois    +         Spirit   .   (helmet currently unavailable)
rElec    .         Reflect  .   (cloak currently unavailable)
rCorr    .         Harm     .   (gloves currently unavailable)
MR       .....     NoTele   +   (boots currently unavailable)
Stlth    ..........             (no amulet)
HPRegen  0.29/turn              (no ring)
MPRegen  0.15/turn              (no ring)

@: mighty, brilliant, berserking, tree-form, very slow
A: distributed training, frail 1, wild magic 1, strong nose
a: Bend Time, Renounce Religion


You were in a bailey.
You worshipped Cheibriados.
Cheibriados was aware of your devotion.
You were not hungry.
You were a tree.
You visited 2 branches of the dungeon, and saw 9 of its levels.
You also visited: Ossuary and Bailey.

You collected 167 gold pieces.

Inventory:

Hand Weapons
 a - a +1 dagger (weapon)
 b - a +0 great sword
 f - a +0 halberd
 g - a +1 dagger of speed
   (You took it off a goblin on level 2 of the Dungeon)
 l - a +0 hunting sling
 I - a +0 war axe
Missiles
 m - 6 javelins
 o - 28 stones
 p - 4 tomahawks
 J - 24 tomahawks of returning (quivered)
Armour
 v - a +0 robe
 B - a cursed +0 ring mail (melded)
 D - a cursed +1 buckler (worn)
Jewellery
 u - an uncursed ring of fire
   (You found it on level 5 of the Dungeon)
Wands
 i - a wand of digging (9)
Scrolls
 e - 2 scrolls of noise {unknown}
 h - 4 scrolls of teleportation
 j - 2 scrolls of amnesia
 n - 2 scrolls of blinking
 q - a scroll of random uselessness
 r - 4 scrolls of remove curse
 y - 4 scrolls of enchant armour
 G - a scroll of enchant weapon {unknown}
Potions
 k - a potion of agility {unknown}
 t - 3 potions of curing
 w - a potion of heal wounds {unknown}
 x - a potion of lignification
 A - 2 potions of haste
 F - 2 potions of might
 H - a potion of resistance
Books
 d - a book of Maledictions

   Spells                             Type                      Level
   a - Corona                         Hexes                        1
   b - Ensorcelled Hibernation        Hexes/Ice                    2
   c - Confuse                        Hexes                        3
   d - Tukima's Dance                 Hexes                        3
   e - Dazzling Spray                 Conjuration/Hexes            3
Comestibles
 c - 5 rations


   Skills:
 + Level 3.3 Fighting
 + Level 4.2 Short Blades
 + Level 3.3 Long Blades
 + Level 3.3 Axes
 + Level 3.3 Maces & Flails
 + Level 3.3 Polearms
 + Level 3.3 Staves
 + Level 3.3 Slings
 + Level 3.3 Bows
 + Level 3.3 Crossbows
 + Level 3.3 Throwing
 + Level 3.3 Armour
 + Level 5.7 Dodging
 + Level 6.9 Stealth
 + Level 3.3 Shields
 + Level 3.3 Unarmed Combat
 + Level 6.0 Spellcasting
 + Level 2.6 Conjurations
 + Level 6.1 Hexes
 + Level 2.6 Charms
 + Level 2.6 Summonings
 + Level 2.6 Necromancy
 + Level 2.6 Translocations
 + Level 2.6 Transmutations
 + Level 2.6 Fire Magic
 + Level 2.6 Ice Magic
 + Level 2.6 Air Magic
 + Level 2.6 Earth Magic
 + Level 2.6 Poison Magic
 + Level 3.6 Invocations
 + Level 3.3 Evocations


You had 10 spell levels left.
You knew the following spells:

 Your Spells              Type           Power        Failure   Level  Hunger
a - Corona                Hex            ######.      1%          1    None
c - Confuse               Hex            ######..     1%          3    None
d - Dazzling Spray        Conj/Hex       ######       1%          3    None
e - Ensorcelled Hibernat  Hex/Ice        ######       1%          2    None


Dungeon Overview and Level Annotations

Branches:
Dungeon (8/15)             Temple (1/1) D:5
   Lair: D:8-11

Altars:
Cheibriados
Elyvilon
Gozag
Hepliaklqana
Makhleb
Nemelex Xobeh
Qazlal
Ru
Sif Muna
Uskayaw
Vehumet
Wu Jian
Xom


Innate Abilities, Weirdness & Mutations

Your experience applies equally to all skills.
((You have very sharp teeth.))
Your uncanny sense of smell can sniff out nearby items.
You are frail. (-10% HP)
((Your system is resistant to poisons. (rPois)))
Your spells are a little harder to cast, but a little more powerful.


Message History

Aim: an orc warlord, wielding a war axe and wearing a chain mail You throw a tomahawk of returning.
The tomahawk of returning hits the orc warlord.
The orc warlord is lightly wounded.
The tomahawk of returning returns to your pack!
Unknown command.
As you read the scroll of torment, it crumbles to dust.
You feel a surge of unholy energy.
The orc warlord convulses!
The orc convulses! x2; The orc knight convulses!
The goblin convulses!
Throwing (i - inventory. (,) - cycle):
J - 24 tomahawks of returning (quivered)
Press: ? - help, Shift-Dir - straight line, f/p - orc warlord
Aim: an orc warlord, wielding a war axe and wearing a chain mail (heavily wounded)
You throw a tomahawk of returning.
The tomahawk of returning hits the orc warlord.
The orc warlord is heavily wounded.
The tomahawk of returning returns to your pack!
The orc warlord roars a battlecry!
The orcs go into a battle-frenzy!
Throwing (i - inventory. (,) - cycle):
J - 24 tomahawks of returning (quivered)
Press: ? - help, Shift-Dir - straight line, f/p - orc warlord
Aim: an orc warlord, wielding a war axe and wearing a chain mail (heavily wounded)
You throw a tomahawk of returning.
The tomahawk of returning hits the orc warlord but does no damage.
The orc warlord is heavily wounded.
The tomahawk of returning returns to your pack!
Casting: Confuse
Confirm with . or Enter, or press ? or * to list all spells.
Aiming: Ensorcelled Hibernation
Press: ? - help, Shift-Dir - straight line, f/p - orc warlord
Aim: an orc warlord, wielding a war axe and wearing a chain mail (heavily wounded, chance to defeat MR: 28%)
The orc warlord easily resists.
The orc warlord hits you but does no damage.
Wield which item (- for none, * to show all)? (? for menu, Esc to quit)
Okay, then.
Unknown command.
Wield which item (- for none, * to show all)? (? for menu, Esc to quit)
I - a +0 war axe (weapon)
You block the orc knight's attack.
Unknown command.
You slash the orc!
You kill the orc!
Cheibriados appreciates the change of pace.
You hit the orc warlord. You hit the orc knight.
The orc warlord hits you with a war axe!
The orc knight hits you but does no damage.
The goblin barely misses you.
Unknown command.
Casting: Ensorcelled Hibernation
Confirm with . or Enter, or press ? or * to list all spells.
Aiming: Ensorcelled Hibernation
Press: ? - help, Shift-Dir - straight line, f/p - orc warlord
Aim: an orc warlord, wielding a war axe and wearing a chain mail (heavily wounded, chance to defeat MR: 28%)
The orc warlord looks drowsy...
The orc knight hits you with a war axe!!
* * * LOW HITPOINT WARNING * * *
The goblin hits you but does no damage.
Wield which item (- for none, * to show all)? (? for menu, Esc to quit)
a - a +1 dagger (weapon)
The orc warlord shouts!
The orc warlord hits you but does no damage.
Casting: Ensorcelled Hibernation
Confirm with . or Enter, or press ? or * to list all spells.
Aiming: Dazzling Spray
Press: ? - help, Shift-Dir - straight line, f - orc, p - orc warlord
Aim: an orc, wielding a hand axe and wearing a leather armour (lightly wounded, unusually strong)
The spray of energy hits the orc.
The orc is almost dead.
The orc is dazzled.
The spray of energy hits the orc knight.
The orc knight is heavily wounded.
The spray of energy hits the orc warlord.
The orc warlord is heavily wounded.
The orc knight hits you but does no damage.
The goblin barely misses you.
The orc warlord hits you but does no damage.
You catch the helpless orc completely off-guard!
You impale the orc!!
You kill the orc!
Cheibriados appreciates the change of pace.
The goblin hits you but does no damage.
The orc knight hits you with a war axe!!
* * * LOW HITPOINT WARNING * * *
It was a potion of brilliance.
You feel clever all of a sudden.
The orc warlord hits you with a war axe.
* * * LOW HITPOINT WARNING * * *
The goblin hits you but does no damage.
You feel better.
The orc knight roars a battlecry!
The orc warlord goes into a battle-frenzy!
The orc warlord hits you with a war axe!
* * * LOW HITPOINT WARNING * * *
The goblin completely misses you.
It was a potion of berserk rage.
A red film seems to cover your vision as you go berserk!
Cheibriados protects you from inadvertent hurry.
You feel mighty! The orc knight hits you with a war axe.
* * * LOW HITPOINT WARNING * * *
The orc warlord hits you with a war axe!!
You die...

#..... #........ ....8
...8.... #####...
......# ≈≈#≈≈≈##..
..... #≈.....:≈#..
#.... ........!≈#..
#...##≈8.8...8.8##..
#.go)≈≈.........#...
#..♣o≈≈....o...o#...
#...'≈≈........o#...
#...##≈8.8...8.8##..
##....#≈........?≈#..
##.....#≈≈#≈.....)≈#..
##......#### ≈≈#≈≈≈##..
#...8......#########...
#..........'....)'....8
#.........)#≈≈≈≈≈#)....


You could see an orc warlord, an orc knight and a goblin.

Vanquished Creatures
  An orc knight (Bailey)
  An orc warrior (Bailey)
  An ogre (D:7)
  A sky beast (D:5)
  An elf zombie (D:4)
  An elf skeleton (D:4)
  A human zombie (D:4)
  A hound (D:4)
  An orc priest (D:3)
  An orc wizard (D:7)
  2 worker ants
  10 mummies (Ossuary)
  A worker ant zombie (D:5)
  3 gnolls
  5 adders
  An ooze (D:1)
  An adder skeleton (D:4)
  2 worms
  A leopard gecko (D:1)
  9 orcs
  2 giant cockroaches
  10 goblins
  11 hobgoblins
  14 kobolds
  3 quokkas
  A ball python (D:3)
  4 bats
  3 frilled lizards
  2 gnoll skeletons (Ossuary)
  A goblin skeleton (Ossuary)
  A jackal skeleton (D:4)
  2 kobold skeletons (Ossuary)
  2 orc skeletons (Ossuary)
  11 rat skeletons (Ossuary)
112 creatures vanquished.

Notes
Turn   | Place    | Note
-------+----------+-------------------------------------------
     0 | D:1      | tidbits the Gnoll Enchanter began the quest for the Orb.
     0 | D:1      | Reached XP level 1. HP: 13/13 MP: 6/6
    64 | D:1      | Reached XP level 2. HP: 13/20 MP: 7/7
    83 | D:1      | Learned a level 2 spell: Ensorcelled Hibernation
   150 | D:2      | Reached skill level 5 in Spellcasting
   150 | D:2      | Reached XP level 3. HP: 15/25 MP: 4/9
   168 | D:2      | Reached skill level 6 in Stealth
   244 | D:2      | Found a burning altar of Makhleb.
   275 | D:2      | Reached skill level 1 in Invocations
   420 | D:1      | Reached skill level 1 in Fighting
   420 | D:1      | Reached skill level 1 in Long Blades
   420 | D:1      | Reached skill level 1 in Axes
   420 | D:1      | Reached skill level 1 in Maces & Flails
   420 | D:1      | Reached skill level 1 in Polearms
   420 | D:1      | Reached skill level 1 in Staves
   420 | D:1      | Reached skill level 1 in Slings
   420 | D:1      | Reached skill level 1 in Bows
   420 | D:1      | Reached skill level 1 in Crossbows
   420 | D:1      | Reached skill level 1 in Throwing
   420 | D:1      | Reached skill level 1 in Armour
   420 | D:1      | Reached skill level 1 in Shields
   420 | D:1      | Reached skill level 1 in Unarmed Combat
   420 | D:1      | Reached skill level 1 in Evocations
   437 | D:2      | Reached XP level 4. HP: 12/32 MP: 3/11
   487 | D:3      | Learned a level 3 spell: Confuse
   491 | D:3      | Learned a level 3 spell: Dazzling Spray
   579 | D:3      | Reached skill level 1 in Conjurations
   579 | D:3      | Reached skill level 1 in Charms
   579 | D:3      | Reached skill level 1 in Summonings
   579 | D:3      | Reached skill level 1 in Necromancy
   579 | D:3      | Reached skill level 1 in Translocations
   579 | D:3      | Reached skill level 1 in Transmutations
   579 | D:3      | Reached skill level 1 in Fire Magic
   579 | D:3      | Reached skill level 1 in Ice Magic
   579 | D:3      | Reached skill level 1 in Air Magic
   579 | D:3      | Reached skill level 1 in Earth Magic
   579 | D:3      | Reached skill level 1 in Poison Magic
   600 | D:3      | Reached XP level 5. HP: 11/37 MP: 0/12
   641 | D:3      | Found a radiant altar of Vehumet.
   717 | D:5      | Entered Level 5 of the Dungeon
   721 | D:5      | HP: 3/37 [orc priest/divine providence (14)]
   884 | D:4      | Found an ornate altar of the Wu Jian Council.
   888 | D:4      | Reached skill level 3 in Short Blades
   982 | D:4      | Reached skill level 2 in Invocations
   982 | D:4      | Reached XP level 6. HP: 28/44 MP: 0/14
   983 | D:4      | Found a sand-covered staircase.
   992 | D:4      | Reached skill level 2 in Fighting
   992 | D:4      | Reached skill level 2 in Long Blades
   992 | D:4      | Reached skill level 2 in Axes
   992 | D:4      | Reached skill level 2 in Maces & Flails
   992 | D:4      | Reached skill level 2 in Polearms
   992 | D:4      | Reached skill level 2 in Staves
   992 | D:4      | Reached skill level 2 in Slings
   992 | D:4      | Reached skill level 2 in Bows
   992 | D:4      | Reached skill level 2 in Crossbows
   992 | D:4      | Reached skill level 2 in Throwing
   992 | D:4      | Reached skill level 2 in Armour
   992 | D:4      | Reached skill level 5 in Dodging
   992 | D:4      | Reached skill level 2 in Shields
   992 | D:4      | Reached skill level 2 in Unarmed Combat
   992 | D:4      | Reached skill level 2 in Evocations
   997 | Ossuary  | Entered an ossuary
  1159 | Ossuary  | Reached XP level 7. HP: 34/50 MP: 12/15
  1324 | D:5      | Found a staircase to the Ecumenical Temple.
  1333 | Temple   | Entered the Ecumenical Temple
  1370 | Temple   | Became a worshipper of Cheibriados the Contemplative
  1473 | D:5      | Found a sparkling altar of Nemelex Xobeh.
  1582 | D:6      | Reached skill level 2 in Conjurations
  1582 | D:6      | Reached skill level 2 in Charms
  1582 | D:6      | Reached skill level 2 in Summonings
  1582 | D:6      | Reached skill level 2 in Necromancy
  1582 | D:6      | Reached skill level 2 in Translocations
  1582 | D:6      | Reached skill level 2 in Transmutations
  1582 | D:6      | Reached skill level 2 in Fire Magic
  1582 | D:6      | Reached skill level 2 in Ice Magic
  1582 | D:6      | Reached skill level 2 in Air Magic
  1582 | D:6      | Reached skill level 2 in Earth Magic
  1582 | D:6      | Reached skill level 2 in Poison Magic
  1698 | D:8      | Noticed a cyclops
  1723 | D:7      | Found a flagged portal.
  1731 | Bailey   | Entered a bailey
  1736 | Bailey   | Noticed an orc warlord
  1739 | Bailey   | Found the +8 lance "Wyrmbane" {slay drac, rPois rF+ rC+ AC+3}
  1758 | Bailey   | Reached * piety under Cheibriados
  1767 | Bailey   | Reached skill level 3 in Invocations
  1853 | Bailey   | Reached XP level 8. HP: 33/57 MP: 1/16
  1880 | Bailey   | Gained mutation: You are frail. (-10% HP) [potion of mutation]
  1880 | Bailey   | Gained mutation: Your spells are a little harder to cast, but a little more powerful. [potion of mutation]
  1880 | Bailey   | Gained mutation: Your system is resistant to poisons. (rPois) [potion of mutation]
  1881 | Bailey   | Noticed an orc knight
  1900 | Bailey   | Killed an orc knight
  1900 | Bailey   | Reached skill level 3 in Fighting
  1900 | Bailey   | Reached skill level 4 in Short Blades
  1900 | Bailey   | Reached skill level 3 in Long Blades
  1900 | Bailey   | Reached skill level 3 in Axes
  1900 | Bailey   | Reached skill level 3 in Maces & Flails
  1900 | Bailey   | Reached skill level 3 in Polearms
  1900 | Bailey   | Reached skill level 3 in Staves
  1900 | Bailey   | Reached skill level 3 in Slings
  1900 | Bailey   | Reached skill level 3 in Bows
  1900 | Bailey   | Reached skill level 3 in Crossbows
  1900 | Bailey   | Reached skill level 3 in Throwing
  1900 | Bailey   | Reached skill level 3 in Armour
  1900 | Bailey   | Reached skill level 3 in Shields
  1900 | Bailey   | Reached skill level 3 in Unarmed Combat
  1900 | Bailey   | Reached skill level 6 in Spellcasting
  1900 | Bailey   | Reached skill level 6 in Hexes
  1900 | Bailey   | Reached skill level 3 in Evocations
  1905 | Bailey   | Found a runed gate.
  1905 | Bailey   | Found a runed gate.
  1905 | Bailey   | Found a runed gate.
  1926 | Bailey   | Noticed an orc knight
  1940 | Bailey   | Demolished by an orc warlord

Skill      XL: |  1  2  3  4  5  6  7  8 |
---------------+-------------------------+-----
Spellcasting   | 5 6 |  6.0
Stealth        | 6 |  6.9
Invocations    | 1 2 3 |  3.6
Fighting       | 1 2 3 |  3.3
Long Blades    | 1 2 3 |  3.3
Axes           | 1 2 3 |  3.3
Maces & Flails | 1 2 3 |  3.3
Polearms       | 1 2 3 |  3.3
Staves         | 1 2 3 |  3.3
Slings         | 1 2 3 |  3.3
Bows           | 1 2 3 |  3.3
Crossbows      | 1 2 3 |  3.3
Throwing       | 1 2 3 |  3.3
Armour         | 1 2 3 |  3.3
Shields        | 1 2 3 |  3.3
Unarmed Combat | 1 2 3 |  3.3
Evocations     | 1 2 3 |  3.3
Conjurations   | 1 2 |  2.6
Charms         | 1 2 |  2.6
Summonings     | 1 2 |  2.6
Necromancy     | 1 2 |  2.6
Translocations | 1 2 |  2.6
Transmutations | 1 2 |  2.6
Fire Magic     | 1 2 |  2.6
Ice Magic      | 1 2 |  2.6
Air Magic      | 1 2 |  2.6
Earth Magic    | 1 2 |  2.6
Poison Magic   | 1 2 |  2.6
Short Blades   | 3 4 |  4.2
Dodging        | 5 |  5.7
Hexes          | 6 |  6.1

Action                   |  1- 3 |  4- 6 |  7- 9 || total
-------------------------+-------+-------+-------++-------
Melee: Dagger            |    68 |    55 |    72 ||   195
       Bite              |     5 |     7 |    12 ||    24
       Unarmed           |       |     2 |       ||     2
       Great sword       |       |    27 |    27 ||    54
       War axe           |       |       |     1 ||     1
Throw: Javelin           |       |     6 |     2 ||     8
       Stone             |       |     1 |       ||     1
       Tomahawk          |       |       |    30 ||    30
 Cast: Corona            |    15 |     3 |       ||    18
       Ensorcelled Hiber |    11 |    10 |    30 ||    51
       Confuse           |       |    10 |     3 ||    13
       Dazzling Spray    |       |       |     4 ||     4
  Use: Potion            |     2 |     1 |     6 ||     9
       Scroll            |       |       |    11 ||    11
 Stab: Sleeping          |    15 |    22 |    13 ||    50
       Confused          |       |    11 |     3 ||    14
       Invisible         |       |       |     3 ||     3
  Eat: Ration            |       |       |     1 ||     1
       Chunk             |       |       |     1 ||     1
Armor: Robe              |     7 |     5 |     7 ||    19
       Skin              |       |     1 |     8 ||     9
       Ring mail         |       |       |     3 ||     3
Dodge: Dodged            |    50 |    35 |   100 ||   185
Block: Buckler           |       |       |    21 ||    21
       Rpst.: Great sword |       |     3 |     4 ||     7

Table legend:
 A = Turns spent in this place as a percentage of turns spent in the entire game.
 B = Non-inter-level travel turns spent in this place as a percentage of non-inter-level travel turns spent in the entire game.
 C = Inter-level travel turns spent in this place as a percentage of turns spent in this place.
 D = Turns resting spent in this place as a percentage of non-inter-level travel turns spent in this place.
 E = Turns spent auto-exploring this place as a percentage of non-inter-level travel turns spent in this place.
 F = Non-inter-level travel turns spent in this place divided by the number of levels of this place that you've seen.
                   A       B       C       D       E      F
               +-------+-------+-------+-------+-------+----------------------
         Total | 100.0 | 100.0 |   1.6 |   0.0 |   0.0 | 173.5
       Dungeon |  72.9 |  73.2 |   1.3 |   0.0 |   0.0 | 174.5
        Temple |   3.4 |   2.7 |  20.0 |   0.0 |   0.0 |  52.0
       Ossuary |  12.9 |  13.2 |   0.0 |   0.0 |   0.0 | 251.0
        Bailey |  10.8 |  11.0 |   0.0 |   0.0 |   0.0 | 209.0
               +-------+-------+-------+-------+-------+----------------------

Table legend:
 A = Kills in this place as a percentage of kills in entire the game.
 B = Kills by you in this place as a percentage of kills by you in the entire game.
 C = Kills by friends in this place as a percentage of kills by friends in the entire game.
 D = Other kills in this place as a percentage of other kills in the entire game.
 E = Experience gained in this place as a percentage of experience gained in the entire game.
 F = Experience gained in this place divided by the number of levels of this place that you have seen.
                   A       B       C       D       E      F
               +-------+-------+-------+-------+-------+----------------------
         Total | 100.0 | 100.0 |   N/A |   N/A | 100.0 | 165.8
       Dungeon |  57.7 |  57.7 |   N/A |   N/A |  47.6 | 108.6
       Ossuary |  24.3 |  24.3 |   N/A |   N/A |  10.0 | 183.0
        Bailey |  18.0 |  18.0 |   N/A |   N/A |  42.3 | 772.0
               +-------+-------+-------+-------+-------+----------------------

Vault maps used:
D:1:      nicolae_arrival_washed_ashore, minmay_box_of_dots
D:2:      cheibrodos_greedy_goblins, lemuel_coloured_pillars_altar,
          kennysheep_generic_room_16
D:3:      nicolae_dithmenos_shadow_blocks, old_standard_altar, first_ration,
          hangedman_glass_garden, minmay_snake_closets
D:4:      overflow_temple_1_default, serial_shops, kennysheep_mini,
          nicolae_ossuary_entry_catacombs
D:5:      nemelex_xobeh_ov_fountains_minmay, temple_hall, lightli_minifort
D:6:      cheibrodos_thug_alley, lemuel_crystal_altar,
          yredelemnul_forgotten_temple_becter, kennysheep_cross_room
D:7:      enter_bailey_3, uniq_crazy_yiuf_cottage
D:8:      zin_statuary, lair_entry_dummy, serial_glass, glass_columns_c,
          glass_columns_b, glass_columns_a, glass_columns_b
Temple:   jpeg_temple_island
Ossuary:  ossuary_due_small_catacomb
Bailey:   bailey_axe_bossmonster_kennysheep, bailey
